 Dungeon Crawl Stone Soup version 0.26-a0-259-g1effd001a9 (webtiles) character file.

Game seed: 15471781129986958079

2643 sanka the Spry (level 9, -4/93 HPs)
             Began as a Halfling Monk on July 17, 2020.
             Slain by a five-headed hydra (6 damage)
             ... on level 6 of the Dungeon.
             The game lasted 00:18:42 (8138 turns).

sanka the Spry (Halfling Monk)                      Turns: 8138, Time: 00:18:42

Health: -4/93      AC: 24    Str: 11 (12) XL:     9   Next: 93%
Magic:  9/9        EV:  3    Int:  8      God:
Gold:   279        SH:  0    Dex: 20      Spells: 8/8 levels left

rFire    . . .     SeeInvis .   (weapon restricted)
rCold    . . .     Faith    .   (shield restricted)
rNeg     + + +     Spirit   .   (armour currently unavailable)
rPois    +         Reflect  .   (helmet currently unavailable)
rElec    .         Harm     .   (cloak currently unavailable)
rCorr    .         NoTele   +   (gloves currently unavailable)
MR       +....                  (boots currently unavailable)
Stlth    +++.......             j - amulet of the acrobat
HPRegen  0.25/turn              f - ring of protection from magic
MPRegen  0.11/turn              (no ring)

@: tree-form (expiring)
A: small, mutation resistance 1
a: no special abilities


You were on level 6 of the Dungeon.
You were not hungry.
You were a tree.
You visited 1 branch of the dungeon, and saw 6 of its levels.
You also visited: Sewer and Ossuary.

You collected 279 gold pieces.


Innate Abilities, Weirdness & Mutations

You are small and have problems with some larger weapons.
You are somewhat resistant to further mutation.


   Skills:
 + Level 6.1 Fighting
 - Level 4.0 Short Blades
 - Level 15.0 Dodging
 - Level 3.0 Stealth
 + Level 2.9 Evocations


You had 8 spell levels left.
You didn't know any spells.
Your spell library contained the following spells:

 Spells                   Type           Power        Failure   Level
 Animate Skeleton         Necr           #.....       41%         1
 Apportation              Tloc           #.....       41%         1
 Beastly Appendage        Tmut           #.....       41%         1
 Corona                   Hex            #......      41%         1
 Summon Small Mammal      Summ           #...         41%         1
 Sticks to Snakes         Tmut           #.......     54%         2
 Spider Form              Tmut/Pois      #.........   78%         3
 Ice Form                 Ice/Tmut       #.......     99%         4
 Blade Hands              Tmut           #.........   100%        5

Inventory:

Hand Weapons
 a - a +1 short sword of speed
Missiles
 C - 9 poisoned darts (quivered)
Armour
 h - a +0 cloak (melded)
 q - a +0 helmet (melded)
 x - a +0 pair of boots (melded)
 y - a +0 leather armour of cold resistance (melded)
Jewellery
 f - a ring of protection from magic (left branch)
 j - an amulet of the acrobat (around neck)
Wands
 m - a wand of flame (9)
Scrolls
 d - 9 scrolls of identify {unknown}
 g - 3 scrolls of remove curse {unknown}
 i - 3 scrolls of amnesia {unknown}
 l - a scroll of noise {unknown}
 o - 5 scrolls of blinking {unknown}
 p - 5 scrolls of teleportation {unknown}
 u - 2 scrolls of enchant weapon {unknown}
 v - a scroll of fear {unknown}
 D - a scroll of torment {unknown}
Potions
 b - 2 potions of might {unknown}
 e - a potion of mutation {!q}
 n - a potion of magic
 s - 2 potions of flight
 t - a potion of haste {@q3}
 z - a potion of stabbing
 A - a potion of lignification {!q}
 B - a potion of brilliance {unknown}
Comestibles
 c - 12 rations

Dungeon Overview and Level Annotations

Branches:
Dungeon (6/15)              Sewer (visited)         Ossuary (visited)
 Temple: D:4-7

Altars:
Ashenzari
Cheibriados
Fedhas
Zin

▒.▒▒▒≈≈
.≈?≈≈▒▒≈▒▒..▒▒.
▒..▒▒≈▒
▒▒▒▒▒▒▒▒≈▒▒......
▒▒▒▒..▒
..?≈;▒▒≈▒▒▒▒.....
▒.▒+ .PP≈≈≈▒≈▒
▒▒▒.▒▒ ▒.▒
..P./;▒.▒ ▒.▒ ▒≈▒
.P.?≈≈▒.▒ ▒.▒
▒≈▒▒ .≈..≈▒▒.▒
▒.▒
▒▒☼▒▒▒▒▒▒▒▒≈▒▒
▒.▒ ▒▒#D♣.≈≈≈≈▒▒
▒.▒ ▒▒▒▒▒▒▒▒▒▒
▒.▒ ▒..▒▒▒.▒ ▒.▒
▒.▒...▒▒ ▒.▒
▒.▒...▒ ▒.▒
▒.▒▒▒.▒ ▒.▒
▒.▒▒▒.▒ ▒▒.▒▒
▒...▒.▒ ▒▒▒...▒
▒▒▒.▒.▒ ▒...▒..


You could see a five-headed hydra.


Message History

The five-headed hydra bites you but does no damage.
The five-headed hydra bites you but does no damage.
The five-headed hydra bites you.
* * * LOW HITPOINT WARNING * * *
You smack the five-headed hydra!
The five-headed hydra is moderately wounded.
The five-headed hydra bites you but does no damage.
The five-headed hydra bites you but does no damage.
The five-headed hydra bites you.
* * * LOW HITPOINT WARNING * * *
The five-headed hydra bites you.
* * * LOW HITPOINT WARNING * * *
The five-headed hydra bites you but does no damage.
You smack the five-headed hydra!
The five-headed hydra is moderately wounded.
The five-headed hydra bites you.
* * * LOW HITPOINT WARNING * * *
The five-headed hydra bites you but does no damage.
The five-headed hydra bites you but does no damage.
The five-headed hydra bites you.
* * * LOW HITPOINT WARNING * * *
The five-headed hydra bites you but does no damage.
Unknown command.
Unknown command.
Unknown command.
It was a potion of flight.
Your roots keep you in place.
Your transformation is almost over.
The five-headed hydra bites you.
You die...

Action                   |  1- 3 |  4- 6 |  7- 9 || total
-------------------------+-------+-------+-------++-------
Melee: Short sword       |   100 |   340 |   747 ||  1187
       Unarmed           |       |       |     9 ||     9
Throw: Dart              |       |     5 |    12 ||    17
Evoke: Wand              |       |       |    19 ||    19
  Use: Potion            |       |       |    16 ||    16
 Stab: Sleeping          |    10 |     3 |    17 ||    30
       Distracted        |     1 |       |     1 ||     2
  Eat: Ration            |       |     2 |     4 ||     6
Armor: Robe              |    10 |    48 |    22 ||    80
       Skin              |       |       |    46 ||    46
       Leather armour    |       |       |    12 ||    12
Dodge: Dodged            |    71 |   296 |   527 ||   894

Levels and vault maps discovered:
D:1:      minmay_arrival_diagonal_passages, layout_loops_cross
D:2:      layout_loops_ring, kennysheep_slug_shrine, uniq_jessica, uniq_robin
D:3:      layout_loops_ring, dancing_weapons_uskayaw,
          cheibrodos_sewer_entry_drain
D:4:      layout_basic, lemuel_coloured_pillars_altar,
          grunt_temple_overflow_open, first_ration
D:5:      layout_basic, uniq_grinder
D:6:      cheibrodos_two_vegetables, layout_loops_ring, enter_ossuary_2

Notes
Turn   | Place    | Note
-------+----------+-------------------------------------------
     0 | D:1      | sanka the Halfling Monk began the quest for the Orb.
     0 | D:1      | Reached XP level 1. HP: 15/15 MP: 1/1
   126 | D:1      | Reached XP level 2. HP: 20/20 MP: 2/2
   337 | D:1      | Reached skill level 4 in Short Blades
   337 | D:1      | Reached XP level 3. HP: 25/25 MP: 3/3
   348 | D:1      | Reached skill level 3 in Fighting
   585 | D:1      | Reached skill level 3 in Stealth
   832 | D:2      | Reached skill level 4 in Dodging
   849 | D:2      | Reached XP level 4. HP: 18/31 MP: 4/4
  1251 | D:2      | Found a snail-covered altar of Cheibriados.
  1349 | D:2      | Noticed Robin
  1543 | D:2      | Killed Robin
  1543 | D:2      | Reached skill level 5 in Dodging
  1744 | D:2      | Noticed Jessica
  1798 | D:2      | Killed Jessica
  1798 | D:2      | Reached XP level 5. HP: 19/36 MP: 5/5
  2433 | D:3      | Found a glowing drain.
  2446 | D:3      | Reached skill level 6 in Dodging
  2448 | Sewer    | Entered a sewer
  2588 | Sewer    | Reached XP level 6. HP: 42/42 MP: 6/6
  2923 | Sewer    | Reached skill level 7 in Dodging
  3123 | Sewer    | Reached XP level 7. HP: 46/46 MP: 7/7
  3209 | Sewer    | Identified a potion of experience
  3209 | Sewer    | Reached skill level 15 in Dodging
  3209 | Sewer    | Reached XP level 8. HP: 52/52 MP: 8/8
  3306 | D:5      | Entered Level 5 of the Dungeon
  3570 | D:6      | Reached skill level 4 in Fighting
  3635 | D:6      | Found a sand-covered staircase.
  3751 | Ossuary  | Entered an ossuary
  4524 | D:4      | Reached XP level 9. HP: 56/59 MP: 9/9
  4794 | D:4      | Found a shattered altar of Ashenzari.
  5055 | D:4      | Reached skill level 5 in Fighting
  5077 | D:4      | Found a blossoming altar of Fedhas.
  5262 | D:4      | Found a glowing silver altar of Zin.
  5727 | D:5      | Noticed Grinder
  6363 | D:5      | Reached skill level 1 in Evocations
  6675 | D:5      | Paralysed by Grinder for 7 turns
  6713 | D:5      | Killed Grinder
  7008 | D:5      | Reached skill level 2 in Evocations
  7660 | D:6      | Reached skill level 6 in Fighting
  8103 | D:6      | Noticed a five-headed hydra
  8118 | D:6      | HP: 2/62 [five-headed hydra (5)]
  8128 | D:6      | HP: 4/93 [five-headed hydra (8)]
  8136 | D:6      | HP: 9/93 [five-headed hydra (3)]
  8137 | D:6      | HP: 2/93 [five-headed hydra (3)]
  8138 | D:6      | Slain by a five-headed hydra

Vanquished Creatures
  Grinder (D:5)
  2 orc warriors (D:6)
  An ice beast (D:6)
  2 phantoms
  A sky beast (D:6)
  2 big kobolds (Sewer)
  4 bullfrogs
  A water moccasin zombie (Ossuary)
  A scorpion (D:5)
  A howler monkey (D:4)
  2 hounds
  4 jellies
  3 orc wizards
  A centaur skeleton (D:4)
  2 bullfrog skeletons (D:5)
  Jessica (D:2)
  6 worker ants
  A big kobold zombie (Ossuary)
  Robin (D:2)
  2 mummies (Ossuary)
  18 adders
  A river rat (Sewer)
  2 white imps
  5 oozes
  8 adder zombies (Ossuary)
  3 adder skeletons (D:4)
  5 worms
  4 dart slugs
  2 leopard geckos
  14 orcs
  8 giant cockroaches
  15 goblins
  8 hobgoblins
  7 jackals
  10 kobolds
  2 quokkas
  5 ball pythons
  7 bats
  5 frilled lizards
  5 hobgoblin zombies (Ossuary)
  10 kobold zombies (Ossuary)
  4 orc zombies (Ossuary)
  8 rats
195 creatures vanquished.
